 Dungeon Crawl Stone Soup version 0.32-a0-876-gcfddb08e57 (webtiles) character file.

Game seed: 3924760071567901174

336 rvierbuc the Trooper (level 6, -4/49 HPs)
             Began as a Demonspawn Berserker on Apr 1, 2024.
             Was a Priest of Trog.
             Slain by a scorpion (6 damage)
             ... on level 5 of the Dungeon.
             The game lasted 00:11:06 (3617 turns).

rvierbuc the Trooper (Demonspawn Berserker)         Turns: 3617, Time: 00:11:07

Health: -4/49      AC:  3    Str: 20    XL:     6   Next: 28%
Magic:  6/6        EV: 11    Int:  7    God:    Trog [***...]
Gold:   152        SH:  4    Dex: 12    Spells: 5/5 levels left

rFire   . . .        a - +0 hand axe
rCold   . . .        (no shield)
rNeg    . . .        g - +0 ring mail
rPois   .            (helmet restricted)
rElec   .            (no cloak)
rCorr   .            (no gloves)
SInv    .            (no boots)
Will    .....        (no amulet)
Stlth   +            (no ring)
HPRegen 0.28/turn    (no ring)
MPRegen 0.10/turn

%: no passive effects
@: weak-willed, corroded, wreathed by umbra
A: antennae 1, molten scales 1, condensation shield, foul shadow 1
a: Renounce Religion, Berserk, Trog's Hand


You were on level 5 of the Dungeon.
You worshipped Trog.
Trog was most pleased with you.
You visited 1 branch of the dungeon, and saw 5 of its levels.

You collected 152 gold pieces.

Inventory:

Hand Weapons
 a - a +0 hand axe (weapon)
Armour
 b - a +0 animal skin
 g - a +0 ring mail (worn)
 l - a +0 chain mail
Jewellery
 f - an amulet of reflection
 i - a ring of positive energy
 k - an amulet of regeneration
Scrolls
 h - 2 scrolls of teleportation
 o - a scroll of fog
Potions
 e - 2 potions of haste
 j - a potion of invisibility
 m - a potion of degeneration {unknown}


   Skills:
 + Level 4.3 Fighting
 + Level 3.9 Axes
 + Level 3.3 Armour
 + Level 3.3 Dodging


You had 5 spell levels left.
You didn't know any spells.
Your spell library was empty.

Dungeon Overview and Level Annotations

Branches:
Dungeon (5/15)
 Temple: D:4-7

Altars:
Dithmenos
Vehumet

Shops:
D:2 *


Innate Abilities, Weirdness & Mutations

You have a pair of small antennae on your head.
You are partially covered in molten scales. (AC +2)
A meltable shield of frost defends you. (SH +4)
You are faintly shadowed, very rarely releasing foul flame when damaged in melee.


Message History

A scorpion, a jelly and a quokka come into view.
Found 4 poisoned darts.
The jelly quivers.
The quokka moves out of view.
An ogre comes into view. It is wielding a +0 giant spiked club.
The ogre moves out of view.
You hit the scorpion but do no damage. The scorpion barely misses you.
You hit the scorpion.
The scorpion is moderately wounded.
The scorpion closely misses you. The scorpion barely misses you.
The scorpion barely misses you.
Found a stone staircase leading up.
You hit the scorpion.
The scorpion is moderately wounded.
You hit the jelly.
Your hands burn!
The scorpion stings you but does no damage.
The jelly closely misses you.
You hit the scorpion.
The scorpion is heavily wounded.
You hit the ogre. You hit the jelly.
Your hands burn!
The scorpion misses you. The jelly hits you but does no damage.
The ogre hits you with a +0 giant spiked club.
The scorpion barely misses you.
You closely miss the scorpion.
The scorpion is moderately wounded.
You hit the jelly but do no damage.
Your hands burn!
You completely miss the ogre. The scorpion closely misses you.
The jelly hits you but does no damage.
You closely miss the scorpion.
The scorpion is moderately wounded.
You hit the ogre but do no damage. You hit the jelly. The acid corrodes you!
Your hands burn!
The ogre hits you with a +0 giant spiked club!!
Ouch! That really hurt!
* * * LOW HITPOINT WARNING * * *
The ogre is seared by the foul flame within you.
The ogre is lightly wounded.
The scorpion completely misses you. The jelly misses you.
The scorpion stings you.
You die...

### #....< .....#
#.##.# #.##.#
#.##.# #
#.##.####.##
##..###.##@(......
........OsJ####.##
....###........# #
#......######.#
#..###..# #...
##... ... #....
#.# .. #...# #.# .
#..# #.#


You could see an ogre, a scorpion and a jelly.

Vanquished Creatures
  An ogre (D:4)
  A scorpion (D:4)
  A bombardier beetle (D:3)
  A jelly (D:4)
  Terence (D:2)
  An adder (D:4)
  2 ribbon worms
  3 dart slugs
  6 orcs (D:3)
  7 ball pythons
  7 bats
  7 endoplasms
  7 giant cockroaches
  3 goblins
  5 hobgoblins
  7 jackals (D:1)
  8 kobolds
  4 quokkas
  2 frilled lizards (D:2)
  5 rats
79 creatures vanquished.

Notes
Turn   | Place    | Note
-------+----------+-------------------------------------------
     0 | D:1      | rvierbuc the Demonspawn Berserker began the quest for the
                  | Orb.
     0 | D:1      | Reached XP level 1. HP: 18/18 MP: 1/1
     1 | D:1      | Found a runed translucent door.
   171 | D:1      | Gained mutation: You have a pair of small antennae on your
                  | head. [demonic ancestry]
   171 | D:1      | Reached XP level 2. HP: 20/24 MP: 2/2
   928 | D:1      | Gained mutation: You are faintly shadowed, very rarely
                  | releasing foul flame when damaged in melee. [demonic
                  | ancestry]
   928 | D:1      | Reached XP level 3. HP: 21/29 MP: 3/3
   929 | D:1      | Reached ** piety under Trog
  1021 | D:2      | Noticed Terence
  1032 | D:2      | Killed Terence
  1033 | D:2      | Gained mutation: You are partially covered in molten
                  | scales. (AC +2) [demonic ancestry]
  1033 | D:2      | Reached XP level 4. HP: 13/35 MP: 4/4
  1366 | D:2      | Identified the +2 robe of Wisdom {rN+ Will+}
  1624 | D:2      | Found Gyrurgh's General Store.
  1977 | D:3      | Found a radiant altar of Vehumet.
  2489 | D:3      | Gained mutation: A meltable shield of frost defends you.
                  | (SH +4) [demonic ancestry]
  2489 | D:3      | Reached XP level 5. HP: 9/42 MP: 5/5
  2658 | D:4      | Noticed an ogre
  2667 | D:4      | Killed an ogre
  2668 | D:4      | Reached skill level 4 in Fighting
  2753 | D:4      | HP: 2/42 [acid (1)]
  2758 | D:4      | HP: 2/63 [acid (2)]
  2943 | D:4      | Found a shadowy altar of Dithmenos.
  3017 | D:4      | Reached *** piety under Trog
  3018 | D:4      | Reached XP level 6. HP: 48/48 MP: 6/6
  3600 | D:5      | Entered Level 5 of the Dungeon
  3616 | D:5      | HP: 2/49 [ogre/+0 giant spiked club (29)]
  3617 | D:5      | Slain by a scorpion

Illustrated notes

Levels and vault maps discovered:
D:1:      dpeg_arrival_caged_fury, layout_basic, minmay_misc_feat_plants,
          amcnicky_mini_pool_small
D:2:      layout_loops_ring, serial_shops, shop, uniq_terence
D:3:      layout_loops_ring, nicolae_vehumet_radiance
D:4:      layout_basic, mainiacjoe_overflow_cross_hatched
D:5:      layout_loops_ring, amcnicky_altar_gilded, lemuel_round_altar,
          nemelex_spade_bored_becter, minmay_temple_entry_slanted,
          portal_sewer_entry_d

Skill      XL: |  1  2  3  4  5 |
---------------+----------------+-----
Armour         | 2 3 |  3.3
Dodging        | 2 3 |  3.3
Axes           | 3 |  3.9
Fighting       | 4 |  4.3

Action                     |  1- 3 |  4- 6 || total
---------------------------+-------+-------++-------
  Melee: Hand axe          |   111 |   160 ||   271
 Invoke: Berserk           |     1 |     1 ||     2
    Use: Scroll            |       |     6 ||     6
   Stab: Sleeping          |     2 |       ||     2
 Armour: Animal skin       |    59 |    11 ||    70
         Ring mail         |       |    71 ||    71
  Dodge: Dodged            |    66 |   119 ||   185
  Block: Other             |       |    11 ||    11

Table legend: (Time is in decaauts)
 A = Elapsed time spent in this place.
 B = Non-inter-level travel time spent in this place.
 C = Inter-level travel time spent in this place.
 D = Time resting spent in this place.
 E = Time spent auto-exploring this place.
 F = Levels seen in this place.
 G = Mean time per level.
                   A        B        C        D        E       F      G
               +--------+--------+--------+--------+--------+-----+--------+
         Total |   3671 |   3551 |    120 |    165 |   2730 |   5 |  734.2 |
       Dungeon |   3671 |   3551 |    120 |    165 |   2730 |   5 |  734.2 |
               +--------+--------+--------+--------+--------+-----+--------+

Top non-repeatable levels by time:
     D:1: 1022 daAuts
     D:4: 960 daAuts
     D:3: 938 daAuts
     D:2: 732 daAuts
     D:5: 17 daAuts
